 Dungeon Crawl Stone Soup version 0.24.1-4-ge52af88ad5 (webtiles) character file.

Game seed: 14248497379689851985, levelgen mode: deterministic

6230 Kagerus the Spear-Bearer (level 10, -4/80 HPs)
             Began as a Merfolk Gladiator on Apr 13, 2020.
             Was a Believer of Makhleb.
             Slain by a vampire (12 damage)
             ... on level 9 of the Dungeon.
             The game lasted 00:57:17 (13703 turns).

Kagerus the Spear-Bearer (Merfolk Gladiator)       Turns: 13703, Time: 00:57:17

Health: -4/80      AC:  8    Str: 18    XL:     10   Next: 92%
Magic:  17/17      EV: 15    Int: 10    God:    Makhleb [**....]
Gold:   592        SH:  0    Dex: 16    Spells: 14/18 levels left

rFire    + . .     SeeInvis .   a - +0 trident (freeze)
rCold    + . .     Gourm    +   (no shield)
rNeg     . . .     Faith    .   b - +0 leather armour
rPois    .         Spirit   .   n - +0 helmet {Int+3}
rElec    .         Reflect  .   (no cloak)
rCorr    .         Harm     .   h - +0 pair of gloves
MR       .....                  s - +1 pair of boots
Stlth    +.........             g - amulet of the gourmand
HPRegen  0.23/turn              x - ring of protection from fire
MPRegen  0.15/turn              A - ring of protection from cold

@: no status effects
A: change form in water, swift swim, stealthy swim
a: Minor Destruction, Renounce Religion


You were on level 9 of the Dungeon.
You worshipped Makhleb.
Makhleb was pleased with you.
You were not hungry.

You visited 3 branches of the dungeon, and saw 12 of its levels.

You collected 592 gold pieces.

Inventory:

Hand Weapons
 a - a +0 trident of freezing (weapon)
Missiles
 d - a throwing net (quivered)
 q - 3 curare-tipped darts
Armour
 b - a +0 leather armour (worn)
 h - a +0 pair of gloves (worn)
 n - a +0 helmet of intelligence (worn)
 s - a +1 pair of boots (worn)
Magical Staves
 t - an uncursed staff of wizardry
Jewellery
 g - an amulet of the gourmand (around neck)
 k - an uncursed ring of wizardry
 u - an uncursed ring of stealth
 x - a ring of protection from fire (left hand)
 A - a ring of protection from cold (right hand)
 F - an uncursed amulet of faith
Wands
 y - a wand of acid (24)
Scrolls
 i - a scroll of fog
 m - 6 scrolls of teleportation
 o - a scroll of remove curse
 r - 2 scrolls of enchant armour
Potions
 e - 4 potions of lignification
 j - a potion of cancellation
 l - a potion of brilliance
 p - 3 potions of might {unknown}
 w - a potion of curing {unknown}
 z - a potion of agility {unknown}
 B - a potion of flight {unknown}
 E - a potion of invisibility
Comestibles
 f - 18 rations


   Skills:
 - Level 8.2 Fighting
 - Level 11.7 Polearms
 - Level 2.0 Throwing
 - Level 4.2 Armour
 - Level 5.6 Dodging
 + Level 4.6 Spellcasting
 * Level 7.8 Summonings
 - Level 3.0 Air Magic


You had 14 spell levels left.
You knew the following spells:

 Your Spells              Type           Power        Failure   Level  Hunger
a - Summon Lightning Spi  Summ/Air       ##......     30%         4    #####..

Your spell library contained the following spells:

 Spells                   Type           Power        Failure   Level  Hunger
 Sandblast                Erth           #.....       28%         1    #......
 Passwall                 Tmut/Erth      #.......     41%         2    ##.....
 Stone Arrow              Conj/Erth      #.....       65%         3    ###....
 Petrify                  Tmut/Erth      #.......     96%         4    #####..
 Silence                  Hex/Air        #.........   99%         5    ######.
 Lee's Rapid Deconstruct  Erth           #.........   100%        5    ######.
 Conjure Ball Lightning   Conj/Air       #.........   100%        6    #######
 Deflect Missiles         Chrm/Air       #.........   100%        6    #######
 Poison Arrow             Conj/Pois      #.........   100%        6    #######
 Chain Lightning          Conj/Air       #.........   100%        8    #######
 Lehudib's Crystal Spear  Conj/Erth      #.........   100%        8    #######
 Fire Storm               Conj/Fire      #.........   100%        9    #######
 Glaciate                 Conj/Ice       #.........   100%        9    #######
 Tornado                  Air            #.........   100%        9    #######


Dungeon Overview and Level Annotations

Branches:
Dungeon (10/15)            Temple (1/1) D:7            Lair (1/6) D:9
    Orc: D:9-12

Altars:
Ashenzari
Cheibriados
Dithmenos
Elyvilon
Fedhas
Gozag
Hepliaklqana
Kikubaaqudgha
Makhleb
Nemelex Xobeh
Okawaru
Qazlal
Ru
Sif Muna
Trog
Uskayaw
Vehumet
Wu Jian
Xom
Yredelemnul
The Shining One


Message History

The vampire draws life force from you and is healed!
You bump into the rock wall.
The vampire hits you but does no damage.
The vampire bites you!
* * * LOW HITPOINT WARNING * * *
The vampire draws strength from your injuries!
You feel much better. The vampire hits you!
* * * LOW HITPOINT WARNING * * *
The vampire bites you.
* * * LOW HITPOINT WARNING * * *
The vampire draws strength from your injuries!
You bump into the rock wall.
The vampire casts a spell.
The vampire flickers and vanishes!
Deactivating autopickup; reactivate with Ctrl-A.
You feel less confused. Something hits you!
* * * LOW HITPOINT WARNING * * *
Something bites you!
You die...

P..>.P♣....#####.#
..P..♣.....#####+###
.P♣P..P...P........#
.P.....PP..........#
..........)........#
.....P♣............#
P.......############
#..PPP...........#
##...#.#########@#
.......#.......#.#
##.#.#...#####'#'###
.....#.#...........#
.......#...........#
.########..........#
.#......'..(.......#
........#.(........#
........#..........#


There were no monsters in sight!

Vanquished Creatures
  A two-headed ogre (D:6)
  A troll (D:9)
  3 hippogriffs
  A spriggan (D:8)
  2 wraiths
  A vampire (D:9)
  3 yaks (D:8)
  Eustachio (D:4)
  A basilisk (D:8)
  A water moccasin (D:6)
  2 porcupines
  2 orc warriors
  2 sky beasts
  2 phantoms
  3 ogres
  2 centaurs
  4 crocodiles
  4 bullfrogs
  A gnoll sergeant (D:5)
  3 scorpions
  6 killer bees
  3 wights (D:9)
  5 howler monkeys
  A lava snake (D:8)
  2 crimson imps
  2 centaur zombies
  An orc priest (D:3)
  A jelly (D:6)
  A quasit (D:7)
  2 bullfrog skeletons
  3 hounds
  4 iguanas
  2 orc wizards
  6 worker ants
  2 howler monkey skeletons
  2 worker ant zombies (D:7)
  9 gnolls
  9 adders
  3 oozes
  2 adder zombies
  An adder skeleton (D:4)
  3 worms
  2 dart slugs
  2 leopard geckos
  19 orcs
  8 bats
  5 giant cockroaches
  3 hobgoblins
  5 kobolds
  4 quokkas
  4 ball pythons
  5 frilled lizards
  5 goblins
  A goblin zombie (D:10)
  3 rats
176 creatures vanquished.

Notes
Turn   | Place    | Note
-------+----------+-------------------------------------------
     0 | D:1      | Kagerus the Merfolk Gladiator began the quest for the Orb.
     0 | D:1      | Reached XP level 1. HP: 16/16 MP: 1/1
    60 | D:1      | Reached skill level 5 in Polearms
   282 | D:1      | Reached XP level 2. HP: 21/22 MP: 2/2
  1131 | D:2      | Found a hide-covered altar of Uskayaw.
  1131 | D:2      | Noticed a +0 hand axe
  1131 | D:2      | Noticed a +0 dagger
  1229 | D:2      | Reached skill level 6 in Polearms
  1229 | D:2      | Reached XP level 3. HP: 21/27 MP: 3/3
  1904 | D:3      | Reached skill level 7 in Polearms
  1904 | D:3      | Reached XP level 4. HP: 33/33 MP: 4/4
  1995 | D:3      | Reached skill level 8 in Polearms
  1995 | D:3      | Reached XP level 5. HP: 34/38 MP: 5/5
  2627 | D:4      | Found a burning altar of Makhleb.
  2627 | D:4      | Noticed an ogre
  2687 | D:3      | Killed an ogre
  2687 | D:3      | Reached skill level 9 in Polearms
  2687 | D:3      | Reached XP level 6. HP: 43/44 MP: 6/6
  2757 | D:4      | Reached skill level 10 in Polearms
  2959 | D:4      | Noticed Eustachio
  3174 | D:4      | Noticed a phantom
  3275 | D:4      | Killed a phantom
  3275 | D:4      | Reached skill level 11 in Polearms
  3275 | D:4      | Reached XP level 7. HP: 16/50 MP: 7/7
  3701 | D:4      | Found a white marble altar of Elyvilon.
  3764 | D:5      | Entered Level 5 of the Dungeon
  4291 | D:4      | Became a worshipper of Makhleb the Destroyer
  4633 | D:4      | Killed Eustachio
  4842 | D:5      | Reached XP level 8. HP: 60/60 MP: 8/8
  4924 | D:5      | Reached skill level 5 in Dodging
  5061 | D:5      | Learned a level 4 spell: Summon Lightning Spire
  5458 | D:5      | Reached skill level 5 in Fighting
  5885 | D:6      | Reached skill level 1 in Armour
  6249 | D:6      | Noticed a two-headed ogre
  6269 | D:6      | Killed a two-headed ogre
  6269 | D:6      | Reached XP level 9. HP: 72/72 MP: 9/9
  6475 | D:6      | Reached * piety under Makhleb
  6736 | D:6      | Found a bloodstained altar of Trog.
  6770 | D:6      | Found an iron altar of Okawaru.
  7160 | D:6      | HP: 3/74 [poisoned by a water moccasin]
  7168 | D:6      | HP: 3/74 [poisoned by a water moccasin]
  7176 | D:6      | HP: 3/74 [poisoned by a water moccasin]
  7790 | D:6      | Reached skill level 1 in Summonings
  8071 | D:7      | Found a staircase to the Ecumenical Temple.
  8084 | Temple   | Entered the Ecumenical Temple
  8424 | D:8      | Found a shimmering altar of Xom.
  8424 | D:8      | Found a shimmering altar of Xom.
  8424 | D:8      | Found a shimmering altar of Xom.
  8424 | D:8      | Found a shimmering altar of Xom.
  8425 | D:8      | Found a shimmering altar of Xom.
  8550 | D:7      | Reached skill level 1 in Spellcasting
  8550 | D:7      | Reached skill level 1 in Air Magic
  9080 | D:8      | Reached XP level 10. HP: 65/80 MP: 13/13
  9445 | D:8      | Reached skill level 5 in Summonings
  9901 | D:8      | Noticed a faun
  9923 | D:8      | Noticed a spiny frog
 10154 | D:8      | Noticed a sea snake
 10155 | D:8      | Noticed a lindwurm
 10155 | D:8      | a sea snake changed into a lindwurm
 10321 | D:8      | Noticed a mana viper
 10321 | D:8      | Noticed a black mamba
 10324 | D:8      | Noticed a salamander
 10329 | D:8      | Noticed a lindwurm
 10329 | D:8      | a salamander changed into a lindwurm
 10331 | D:8      | a mana viper changed into a komodo dragon
 10385 | D:8      | Noticed a sea snake
 10729 | D:8      | Noticed a torpor snail
 10733 | D:8      | Noticed a black mamba
 10778 | D:8      | Noticed a faun
 10780 | D:8      | Noticed an alligator
 10819 | D:8      | Noticed an anaconda
 10819 | D:8      | an alligator changed into an anaconda
 10835 | D:8      | an anaconda changed into a slime creature
 10874 | D:8      | Noticed an alligator
 10874 | D:8      | a slime creature changed into an alligator
 10895 | D:8      | Noticed a great orb of eyes
 10895 | D:8      | an alligator changed into a great orb of eyes
 10907 | D:8      | Noticed a mana viper
 10907 | D:8      | a faun changed into a mana viper
 10921 | D:8      | Noticed a water nymph
 10921 | D:8      | a mana viper changed into a water nymph
 10922 | D:8      | a water nymph changed into a wind drake
 10987 | D:8      | Noticed a queen ant
 11363 | D:9      | Found a staircase to the Lair.
 11424 | D:9      | Found a basalt altar of Yredelemnul.
 11751 | D:9      | Reached ** piety under Makhleb
 12073 | D:8      | Noticed a fire crab
 12075 | D:8      | Noticed a queen ant
 12727 | Lair:1   | Entered Level 1 of the Lair of Beasts
 12742 | D:10     | Entered Level 10 of the Dungeon
 13320 | D:8      | Noticed a minotaur
 13703 | D:9      | Slain by a vampire

Levels and vault maps discovered:
D:1:      lightli_arrival_isolated_outpost, layout_basic
D:2:      layout_rooms, dancing_weapons_uskayaw
D:3:      layout_basic, minmay_misc_feat_tower, eino_curves_03
D:4:      layout_basic, overflow_temple_1_default, old_standard_altar,
          first_ration, interstate_on_off, corner_web_ring,
          hangedman_decor_clover_reticule, uniq_eustachio
D:5:      minmay_general_purpose_star, layout_gridville, lightli_minifort
D:6:      layout_basic, kennysheep_mini_moat, palyth_stone_intersect,
          okawaru_metal_pillars_1_2
D:7:      layout_rooms, temple_statues
D:8:      layout_cave_pools, xom_shifter_show, the_bakery, minivault_10,
          kennysheep_opposing_triangles
D:9:      layout_basic, old_standard_altar, minmay_lair_entry_grove,
          skrybe_limestone_x
D:10:     layout_rooms, zombieorc2_lemuel, uniq_josephine, uniq_fannar
Temple:   eino_temple_scatter_basement
Lair:1:   layout_chaotic_city, grunt_megastairs_4, uniq_harold

Skill      XL: |  1  2  3  4  5  6  7  8  9 10 |
---------------+-------------------------------+-----
Polearms       | 5 6 7 8 9 11 | 11.7
Fighting       | 3 7 8 |  8.2
Dodging        | 5 |  5.6
Armour         | 3 4 |  4.2
Summonings     | 4 7 |  7.8
Spellcasting   | 2 4 |  4.6
Air Magic      | 1 3 |  3.0
Throwing       | |  2.0

Action                   |  1- 3 |  4- 6 |  7- 9 | 10-12 || total
-------------------------+-------+-------+-------+-------++-------
Melee: Trident           |   107 |   132 |   446 |   335 ||  1020
       Tailslap          |     1 |       |     2 |       ||     3
Throw: Dart              |       |     4 |    13 |    14 ||    31
       Throwing net      |       |       |       |     2 ||     2
 Cast: Summon Lightning  |       |       |       |     2 ||     2
Invok: Minor Destruction |       |       |       |     1 ||     1
  Use: Potion            |       |     2 |       |     1 ||     3
       Scroll            |       |       |    14 |     6 ||    20
 Stab: Sleeping          |     2 |       |     3 |       ||     5
       Held in net/web   |       |       |       |     5 ||     5
  Eat: Chunk             |     3 |     4 |    24 |    14 ||    45
Armor: Leather armour    |    26 |    21 |    72 |    58 ||   177
       Skin              |       |     6 |       |       ||     6
Dodge: Dodged            |    62 |    85 |   264 |   154 ||   565
